 Dungeon Sprint DCSS version 0.17-a0-1625-g47e540b (webtiles) character file.

132 Kidiri the Covert (level 4, 0/21 HPs)
             Began as a Spriggan Enchanter on Aug 3, 2015.
             Was an Initiate of Dithmenos.
             Splashed by an oklob sapling wizard's acid (12 damage)
             ... in the Dungeon (Sprint IV: "Fedhas' Mad Dash").
             The game lasted 00:01:58 (372 turns).

Kidiri the Covert (Spriggan Enchanter)               Turns: 372, Time: 00:01:58

Health: 0/21       AC:  6    Str:  4    XL:     4   Next: 92%
Magic:  9/12       EV: 21    Int: 16    God:    Dithmenos [......]
Gold:   52         SH:  0    Dex: 17    Spells: 5 memorised, 2 levels left

rFire  . . .     SeeInvis +     a - +1 dagger
rCold  . . .     Clarity  .     b - +1 robe
rNeg   . . .     SustAt   .     (shield restricted)
rPois  .         Gourm    .     (helmet restricted)
rElec  .         Spirit   .     k - +2 cloak {MR+}
rCorr  .         Warding  .     (gloves unavailable)
rMut   .         NoTele   +     (boots unavailable)
MR     +....                    (no amulet)
Stlth  ++++......               (no ring)
                                l - ring of invisibility

@: very slightly contaminated, very quick, somewhat resistant to hostile
enchantments, stealthy
A: unfitting armour, see invisible, herbivore 3, speed 3, slow metabolism 2
a: Renounce Religion, Evoke Invisibility


You were in the Dungeon.
You worshipped Dithmenos.
Dithmenos was noncommittal.
You were not hungry.

You visited 1 branch You collected 52 gold pieces.

Inventory:

Hand weapons
 a - a +1 dagger (weapon)
Armour
 b - a +1 robe (worn)
 k - a +2 cloak of magic resistance (worn)
Jewellery
 l - a ring of invisibility (left hand)
Scrolls
 j - a scroll of blinking
Potions
 e - a potion of curing
 f - 2 potions of heal wounds
 g - a potion of haste
 h - 2 potions of magic
 i - a potion of berserk rage
Books
 c - a book of Maledictions

   Spells                             Type                      Level
   a - Corona                         Hexes                        1
   b - Ensorcelled Hibernation        Hexes/Ice                    2
   c - Confuse                        Hexes                        3
   d - Tukima's Dance                 Hexes                        3
   e - Dazzling Spray                 Conjuration/Hexes            3
Comestibles
 d - a bread ration


   Skills:
 * Level 4.9 Short Blades
 + Level 2.9 Throwing
 + Level 5.3 Dodging
 * Level 8.1 Stealth
 * Level 5.7 Spellcasting
 + Level 0.0 Conjurations
 + Level 5.0 Hexes
 + Level 1.9 Ice Magic
 + Level 0.0 Invocations
 + Level 2.1 Evocations


You had 2 spell levels left.
You knew the following spells:

 Your Spells              Type           Power        Failure   Level  Hunger
a - Corona                Hex            ###....      1%          1    None
b - Ensorcelled Hibernat  Hex/Ice        ###...       8%          2    #......
c - Confuse               Hex            ###.....     6%          3    ##.....
d - Tukima's Dance        Hex            ###.....     6%          3    ##.....
e - Dazzling Spray        Conj/Hex       ##......     17%         3    ##.....


Dungeon Overview and Level Annotations

Branches:
Dungeon (1/1)

Altars:
Cheibriados
Dithmenos
Elyvilon
Gozag
Kikubaaqudgha
Makhleb
Nemelex Xobeh
Okawaru
Qazlal
Ru
Sif Muna
Trog
Vehumet
Xom
Yredelemnul
Zin
The Shining One
Beogh
Jiyva
Lugonu

Annotations:
D exclusion: oklob sapling


Innate Abilities, Weirdness & Mutations

You are tiny and cannot use many weapons and most armour.
You have supernaturally acute eyesight.
You are a herbivore.
You cover ground extremely quickly.
You need consume almost no food.


Message History

You hit the oklob sapling wizard but do no damage.
Unknown command.
Casting: Ensorcelled Hibernation
Confirm with . or Enter, or press ? or * to list all spells.
Aiming: Ensorcelled Hibernation
Press: ? - help, Shift-Dir - straight line, f - oklob sapling wizard
Aim: an oklob sapling wizard (chance to defeat MR: 46%)
Okay, then.
Unknown command.
Unknown command.
Casting: Ensorcelled Hibernation
Confirm with . or Enter, or press ? or * to list all spells.
Aiming: Dazzling Spray
Press: ? - help, Shift-Dir - straight line, f - oklob sapling wizard
Aim: an oklob sapling wizard The spray of energy hits the oklob sapling wizard.
The oklob sapling wizard spits acid at you.
The splash of acid hits you!
The acid burns!
Ouch! That really hurt!
You die...

###################
.#.⌠.........⌠.#.$+
.'._._._._._._.'@P#
.#_._._._._._._#..#
##._._._._._._.#.?#
.#.⌠...._....⌠.####
.############### ##


You could see an oklob sapling wizard.

Vanquished Creatures
  3 oklob saplings (D)
  A worker ant (D)
  A river rat (D)
  A rat (D)
6 creatures vanquished.

Notes
Turn   | Place    | Note
--------------------------------------------------------------
     0 | D        | Kidiri the Spriggan Enchanter began the quest for the Orb.
     0 | D        | Reached XP level 1. HP: 9/9 MP: 5/5
     8 | D        | Reached skill level 1 in Throwing
     8 | D        | Reached skill level 5 in Stealth
     8 | D        | Reached XP level 2. HP: 13/13 MP: 7/7
    18 | D        | Learned a level 2 spell: Ensorcelled Hibernation
   169 | D        | Noticed an oklob sapling
   171 | D        | Killed an oklob sapling
   171 | D        | Reached skill level 6 in Stealth
   171 | D        | Reached XP level 3. HP: 16/16 MP: 7/9
   176 | D        | Learned a level 3 spell: Confuse
   180 | D        | Learned a level 3 spell: Tukima's Dance
   190 | D        | Noticed a worker ant
   192 | D        | Killed a worker ant
   192 | D        | Reached skill level 1 in Ice Magic
   217 | D        | Noticed an oklob sapling
   220 | D        | Killed an oklob sapling
   220 | D        | Reached skill level 7 in Stealth
   220 | D        | Reached skill level 5 in Spellcasting
   220 | D        | Reached skill level 1 in Evocations
   220 | D        | Reached XP level 4. HP: 21/21 MP: 9/12
   233 | D        | Found a snail-covered altar of Cheibriados.
   233 | D        | Found a glowing silver altar of Zin.
   233 | D        | Found a white marble altar of Elyvilon.
   233 | D        | Found a viscous altar of Jiyva.
   233 | D        | Found a radiant altar of Vehumet.
   233 | D        | Found a deep blue altar of Sif Muna.
   233 | D        | Found an ancient bone altar of Kikubaaqudgha.
   233 | D        | Found a bloodstained altar of Trog.
   233 | D        | Found a corrupted altar of Lugonu.
   233 | D        | Noticed an oklob sapling priest
   234 | D        | Found a burning altar of Makhleb.
   234 | D        | Found a sacrificial altar of Ru.
   235 | D        | Found a glowing golden altar of the Shining One.
   235 | D        | Found a sparkling altar of Nemelex Xobeh.
   236 | D        | Found a shadowy altar of Dithmenos.
   237 | D        | Found an iron altar of Okawaru.
   237 | D        | Found a shimmering altar of Xom.
   238 | D        | Found an opulent altar of Gozag.
   239 | D        | Found a basalt altar of Yredelemnul.
   239 | D        | Found a roughly hewn altar of Beogh.
   352 | D        | Killed an oklob sapling priest
   352 | D        | Reached skill level 5 in Dodging
   352 | D        | Reached skill level 8 in Stealth
   352 | D        | Reached skill level 5 in Hexes
   357 | D        | Learned a level 3 spell: Dazzling Spray
   357 | D        | Found a stormy altar of Qazlal.
   362 | D        | Became a worshipper of Dithmenos the Shadowed
   368 | D        | Noticed an oklob sapling wizard
   372 | D        | Splashed by an oklob sapling wizard's acid

Vault maps used:
D:        dungeon_sprint_fedhas

Action                   |  1- 3 |  4- 6 || total
-------------------------+-------+-------++-------
Melee: Dagger            |     5 |     4 ||     9
 Cast: Ensorcelled Hiber |     2 |       ||     2
       Dazzling Spray    |       |     1 ||     1
 Abil: Evoke Invisibilit |     1 |     1 ||     2
 Stab: Sleeping          |     5 |       ||     5
       Invisible         |       |     1 ||     1
